 Dungeon Crawl Stone Soup version 0.26.1-2-gb8aa6d0cf2 (webtiles) character file.

Game seed: 17438592513240318541

3339 hawla the Thaumaturge (level 9, -10/50 HPs)
             Began as a Deep Elf Conjurer on Feb 23, 2021.
             Was a Follower of Vehumet.
             Mangled by Harold
             ... wielding a +0 glaive
              (18 damage)
             ... on level 8 of the Dungeon.
             The game lasted 00:24:37 (9696 turns).

hawla the Thaumaturge (Deep Elf Conjurer)           Turns: 9696, Time: 00:24:38

Health: -10/50     AC:  4    Str:  4    XL:     9   Next: 72%
Magic:  6/23       EV: 18    Int: 27    God:    Vehumet [*.....]
Gold:   434        SH:  0    Dex: 19    Spells: 16/24 levels left

rFire    . . .     SeeInvis .   x - +0 quarterstaff
rCold    . . .     Faith    .   (shield currently unavailable)
rNeg     + . .     Spirit   .   w - +0 robe {rN+}
rPois    .         Reflect  .   g - +0 helmet
rElec    .         Harm     .   r - +0 cloak
rCorr    +         Rampage  .   (no gloves)
Will     .....                  (no boots)
Stlth    +++.......             (no amulet)
HPRegen  0.16/turn              d - ring of resist corrosion (curse)
MPRegen  0.18/turn              k - +6 ring of dexterity

@: marked
A: no striking features
a: Renounce Religion


You were on level 8 of the Dungeon.
You worshipped Vehumet.
Vehumet was aware of your devotion.
You visited 2 branches of the dungeon, and saw 9 of its levels.

You collected 434 gold pieces.

Inventory:

Hand Weapons
 x - a +0 quarterstaff (weapon)
Missiles
 e - 2 throwing nets
 f - 2 atropa-tipped darts
 h - 41 poisoned darts (quivered)
Armour
 g - a +0 helmet (worn)
 r - a +0 cloak (worn)
 w - a +0 robe of positive energy (worn)
Jewellery
 d - a cursed ring of resist corrosion (left hand)
 k - a +6 ring of dexterity (right hand)
 o - an uncursed ring of wizardry {unknown}
 q - an uncursed ring of flight
Wands
 a - a wand of digging (3)
 n - a wand of iceblast (12)
 p - a wand of acid (19)
 y - a wand of paralysis (10)
Scrolls
 b - 5 scrolls of remove curse
 c - 11 scrolls of teleportation
 m - 4 scrolls of amnesia
 s - a scroll of fear
Potions
 i - 2 potions of lignification
 j - a potion of brilliance
 l - a potion of resistance
 t - 2 potions of curing
 u - a potion of magic {unknown}
 v - 2 potions of might {unknown}
 z - 3 potions of heal wounds {unknown}
 A - a potion of berserk rage {unknown}


   Skills:
 - Level 3.0 Fighting
 - Level 3.0 Staves
 - Level 1.0 Throwing
 + Level 7.6 Dodging
 - Level 3.0 Stealth
 + Level 8.1 Spellcasting
 + Level 7.3 Conjurations
 - Level 4.0 Translocations
 + Level 7.3 Fire Magic
 - Level 1.0 Evocations


You had 16 spell levels left.
You knew the following spells:

 Your Spells              Type           Power        Failure   Level
a - Magic Dart            Conj           100%         1%          1
b - Searing Ray           Conj           100%         1%          2
c - Iskenderun's Mystic   Conj/Tloc      41%          4%          4
d - Foxfire               Conj/Fire      100%         1%          1

Your spell library contained the following spells:

 Spells                   Type           Power        Failure   Level
 Apportation              Tloc           64%          1%          1
 Dazzling Flash           Conj/Hex       60%          3%          3
 Animate Skeleton         Necr           20%          5%          1
 Corona                   Hex            11%          5%          1
 Summon Small Mammal      Summ           40%          5%          1
 Fulminant Prism          Conj/Hex       15%          12%         4


Dungeon Overview and Level Annotations

Branches:
Dungeon (8/15)             Temple (1/1) D:6
   Lair: D:8-11

Altars:
Ashenzari
Cheibriados
Dithmenos
Elyvilon
Fedhas
Gozag
Hepliaklqana
Kikubaaqudgha
Makhleb
Nemelex Xobeh
Okawaru
Qazlal
Ru
Sif Muna
Trog
Uskayaw
Vehumet
Wu Jian
Xom
The Shining One

Annotations:
D:8 Harold


Message History

Casting: Iskenderun's Mystic Blast (dangerous; 4% risk of failure)
Confirm with . or Enter, or press ? or * to list all spells.
You conjure some foxfire!
Harold misses you.
Harold points at you and mumbles some strange words.
A sentinel's mark forms upon you.
The foxfire hits Harold.
Harold is heavily wounded.
The foxfire hits Harold.
Harold is heavily wounded.
Casting: Foxfire (safe; 1% risk of failure)
Confirm with . or Enter, or press ? or * to list all spells.
You conjure some foxfire!
Harold hits you from afar with a +0 glaive!
* * * LOW HITPOINT WARNING * * *
The foxfire hits Harold.
Harold is severely wounded.
The foxfire hits Harold.
Harold is severely wounded.
Harold hits you from afar with a +0 glaive!!
You die...

##.....####
#....##..##
#.........#
#######..##...#
##..###..##...#
......#..#....#
......#..##..#######
......#..##..##....#
##...##..##...(§@..#
####'##..##...#.§§.#
#....[...##.§##.@###
#.....)..##..##..#
#....##..##..#..K.
########(##..#...$.
......#....#####....
......'...## ##....
..######.## ##..#


You could see Harold (fast) and a kobold.

Vanquished Creatures
  Erica (D:8)
  Joseph (D:8)
  A hornet (D:5)
  Eustachio (D:6)
  Menkaure (D:7)
  2 ice beasts
  An orc warrior (D:6)
  3 ogres
  A centaur (D:6)
  A big kobold (D:8)
  2 bullfrogs (D:7)
  4 scorpions
  3 killer bees (D:7)
  3 wights (D:6)
  A howler monkey (D:4)
  An orc priest (D:5)
  A jelly (D:5)
  2 orc wizards
  A bullfrog skeleton (D:5)
  2 centaur skeletons
  An iguana (D:5)
  5 worker ants
  2 killer bee zombies
  A hound zombie (D:5)
  3 gnolls (D:5)
  8 adders
  3 shadow imps
  An ufetubus (D:4)
  An adder skeleton (D:8)
  A worm (D:4)
  2 dart slugs
  4 leopard geckos
  12 orcs
  4 bats
  6 giant cockroaches
  5 goblins
  12 hobgoblins
  3 quokkas
  6 frilled lizards
  2 giant cockroach zombies (D:6)
  15 kobolds
  A quokka skeleton (D:5)
  6 rats
137 creatures vanquished.

Vanquished Creatures (others)
  15 foxfires (D:8)
15 creatures vanquished.

Grand Total: 152 creatures vanquished

Notes
Turn   | Place    | Note
-------+----------+-------------------------------------------
     0 | D:1      | hawla the Deep Elf Conjurer began the quest for the Orb.
     0 | D:1      | Reached XP level 1. HP: 10/10 MP: 6/6
   198 | D:1      | Reached XP level 2. HP: 16/16 MP: 2/8
   534 | D:1      | Found a broken altar of Ashenzari.
   813 | D:2      | Learned a level 2 spell: Searing Ray
  1038 | D:2      | Reached XP level 3. HP: 20/20 MP: 5/9
  1486 | D:2      | Reached skill level 1 in Translocations
  1831 | D:3      | Reached skill level 1 in Fire Magic
  2104 | D:3      | Reached XP level 4. HP: 24/24 MP: 9/11
  2109 | D:3      | Learned a level 4 spell: Iskenderun's Mystic Blast
  2128 | D:3      | Reached skill level 1 in Fighting
  3169 | D:4      | Reached XP level 5. HP: 29/29 MP: 7/12
  3214 | D:4      | Reached skill level 4 in Spellcasting
  3214 | D:4      | Reached skill level 5 in Conjurations
  3405 | D:4      | Found a blossoming altar of Fedhas.
  3455 | D:4      | Found a snail-covered altar of Cheibriados.
  3615 | D:4      | Found a hide-covered altar of Uskayaw.
  3635 | D:4      | Reached XP level 6. HP: 34/34 MP: 9/14
  3691 | D:5      | Entered Level 5 of the Dungeon
  4093 | D:5      | Found a shimmering altar of Xom.
  4097 | D:5      | Found a burning altar of Makhleb.
  4102 | D:5      | Found an opulent altar of Gozag.
  4288 | D:5      | Noticed a hornet
  4317 | D:5      | HP: 2/51 [poisoned by a hornet]
  4528 | D:5      | Killed a hornet
  4529 | D:5      | Reached skill level 5 in Dodging
  4529 | D:5      | Reached skill level 5 in Spellcasting
  4529 | D:5      | Reached XP level 7. HP: 20/38 MP: 5/17
  5040 | D:5      | Reached skill level 6 in Spellcasting
  5498 | D:5      | Reached skill level 1 in Evocations
  5952 | D:6      | Reached skill level 1 in Throwing
  6120 | D:6      | Reached XP level 8. HP: 44/44 MP: 15/19
  6177 | D:6      | Found a staircase to the Ecumenical Temple.
  6207 | Temple   | Entered the Ecumenical Temple
  6229 | Temple   | Became a worshipper of Vehumet
  6480 | D:6      | Noticed Eustachio
  6492 | D:6      | Killed Eustachio
  6493 | D:6      | Reached skill level 5 in Fire Magic
  7705 | D:7      | Found a sparkling altar of Nemelex Xobeh.
  7719 | D:7      | Reached skill level 1 in Staves
  7988 | D:7      | Found a sacrificial altar of Ru.
  8015 | D:7      | Noticed Menkaure
  8020 | D:7      | Killed Menkaure
  8021 | D:7      | Reached XP level 9. HP: 49/49 MP: 15/20
  8656 | D:8      | Noticed Joseph
  8668 | D:8      | Killed Joseph
  8938 | D:8      | Reached skill level 7 in Spellcasting
  8943 | D:8      | Noticed Erica
  8963 | D:8      | Killed Erica
  9087 | D:8      | Reached skill level 8 in Spellcasting
  9121 | D:8      | Reached * piety under Vehumet
  9121 | D:8      | Offered knowledge of Foxfire by Vehumet.
  9286 | D:7      | Found a hazy altar of Hepliaklqana.
  9298 | D:7      | Learned a level 1 spell: Foxfire
  9682 | D:8      | Noticed Harold
  9696 | D:8      | Mangled by Harold

Illustrated notes

Levels and vault maps discovered:
D:1:      scummos_arrival_hexagon, layout_rooms, ashenzari_altar_1
D:2:      layout_rooms, serial_curves, eino_curves_02, eino_curves_01
D:3:      layout_basic
D:4:      layout_rooms, kennysheep_slug_shrine, nicolae_overflow_crystal_walls,
          general_overflow_altar
D:5:      layout_layer_cave, grunt_temple_overflow_diamond
D:6:      layout_basic, minmay_temple_entry_steel_oval, uniq_eustachio
D:7:      layout_basic, lemuel_doored_altar, nicolae_overflow_hidden_temple,
          nicolae_ru_the_path_less_chosen, chequers_serial_rivers_small_3,
          uniq_menkaure
D:8:      layout_gridville, lemuel_round_altar, uniq_erica, uniq_joseph,
          uniq_harold
Temple:   minmay_freezing_vapour_temple

Skill      XL: |  1  2  3  4  5  6  7  8  9 |
---------------+----------------------------+-----
Stealth        | 3 |  3.0
Translocations | 1 2 3 4 |  4.0
Fire Magic     | 1 2 3 6 7 |  7.3
Dodging        | 3 5 6 7 |  7.6
Fighting       | 1 2 3 |  3.0
Spellcasting   | 4 5 6 8 |  8.1
Conjurations   | 5 6 7 |  7.3
Evocations     | 1 |  1.0
Throwing       | 1 |  1.0
Staves         | 1 3 |  3.0

Action                   |  1- 3 |  4- 6 |  7- 9 || total
-------------------------+-------+-------+-------++-------
Melee: Unarmed           |     2 |     5 |     1 ||     8
       Quarterstaff      |       |       |     4 ||     4
 Cast: Magic Dart        |    49 |    25 |    30 ||   104
       Searing Ray       |    17 |    32 |    55 ||   104
       Iskenderun's Myst |       |     4 |    17 ||    21
       Foxfire           |       |       |     9 ||     9
  Use: Scroll            |    12 |     4 |     1 ||    17
       Potion            |       |     4 |     3 ||     7
Armor: Robe              |     3 |     3 |     5 ||    11
       Skin              |       |     1 |       ||     1
Dodge: Dodged            |    12 |    24 |    40 ||    76
